MLB
MINNESOTA TWINS @ CHICAGO WHITE SOX
07/11/2098
 
TOP OF THE 1ST
Minnesota Twins batting - Pitching for Chicago White Sox : RHP Hector Canadas
Pitching: RHP Hector Canadas
Batting: SHB Dan Mayes 0-0: Fly out, F7 (Flyball, 7, EV 93.8 MPH)
Batting: SHB Jim Whitlock 0-0: Ball
1-0: Ball
2-0: Swinging Strike
2-1: Foul Ball, location: 2F
2-2: Ball
3-2: Base on Balls
Batting: SHB William Maki 0-0: Ball
1-0: Swinging Strike
1-1: Foul Ball, location: 3F
1-2: Foul Ball, location: 25FF
1-2: Foul Ball, location: 3SF
1-2: Strikes out swinging
Jim Whitlock steals 2nd base
Batter strikes out.
Batting: RHB Bill Widby 0-0: SINGLE (Groundball, 56, EV 105.6 MPH)
Jim Whitlock to third
Runner from 3rd tries for Home, SAFE, throw by LF to home
Batting: LHB Emilio Gonzales 0-0: Ball
1-0: Foul Ball, location: 2F
1-1: Ball
2-1: Ground out U3 (Groundball, 3L, EV 93.1 MPH)
Top of the 1st over - 1 run, 1 hit, 0 errors, 1 left on base; Minnesota 1 - Chicago 0
BOTTOM OF THE 1ST
Chicago White Sox batting - Pitching for Minnesota Twins : RHP Russell Cottrell
Pitching: RHP Russell Cottrell
Batting: RHB Greg Bates 0-0: Foul Ball, location: 23F
0-1: Ball
1-1: Ball
2-1: Ball
3-1: Foul Ball, location: 5DF
3-2: Fly out, F6 (Popup, 6MS, EV 80.0 MPH)
Batting: RHB Travis De Angelis 0-0: Ball
1-0: Ball
2-0: Fly out, F8 (Flyball, 78M, EV 93.1 MPH)
Batting: LHB Dan Roos 0-0: Called Strike
0-1: Swinging Strike
0-2: Strikes out looking
Bottom of the 1st over - 0 runs, 0 hits, 0 errors, 0 left on base; Minnesota 1 - Chicago 0
TOP OF THE 2ND
Minnesota Twins batting - Pitching for Chicago White Sox : RHP Hector Canadas
Batting: RHB Joe Looby 0-0: Foul Ball, location: 2F
0-1: Called Strike
0-2: Ball
1-2: Foul Ball, location: 2F
1-2: Foul Ball, location: 2F
1-2: Ball
2-2: Ball
3-2: Strikes out swinging
Batting: LHB Jay Molteni 0-0: Ball
1-0: Called Strike
1-1: Ball
2-1: Ball
3-1: Ground out 4-3 (Groundball, 4M, EV 86.3 MPH)
Batting: RHB Chris Ward 0-0: Ball
1-0: Ground out 6-3 (Groundball, 6, EV 80.0 MPH)
Top of the 2nd over - 0 runs, 0 hits, 0 errors, 0 left on base; Minnesota 1 - Chicago 0
BOTTOM OF THE 2ND
Chicago White Sox batting - Pitching for Minnesota Twins : RHP Russell Cottrell
Batting: LHB Tim Eaton 0-0: Ball
1-0: Called Strike
1-1: Ball
2-1: Fly out, F9 (Flyball, 9D, EV 105.6 MPH)
Batting: RHB Luis Marquina 0-0: Ball
1-0: Called Strike
1-1: Called Strike
1-2: Ball
2-2: Strikes out looking
Batting: LHB Chris McDonough 0-0: Ball
1-0: Foul Ball, location: 3DF
1-1: Called Strike
1-2: Foul Ball, location: 2F
1-2: Foul Ball, location: 23F
1-2: Strikes out swinging
Bottom of the 2nd over - 0 runs, 0 hits, 0 errors, 0 left on base; Minnesota 1 - Chicago 0
TOP OF THE 3RD
Minnesota Twins batting - Pitching for Chicago White Sox : RHP Hector Canadas
Batting: LHB Chris Armstrong 0-0: Ball
1-0: Ground out 6-3 (Groundball, 6, EV 91.3 MPH)
Batting: SHB Dan Mayes 0-0: SINGLE (Groundball, 6MD, EV 111.3 MPH)
Batting: SHB Jim Whitlock 0-0: Ball
1-0: Grounds into double play, 4-6-3 (Groundball, 4, EV 86.9 MPH)
Top of the 3rd over - 0 runs, 1 hit, 0 errors, 0 left on base; Minnesota 1 - Chicago 0
BOTTOM OF THE 3RD
Chicago White Sox batting - Pitching for Minnesota Twins : RHP Russell Cottrell
Batting: RHB Chris Hodges 0-0: Called Strike
0-1: SOLO HOME RUN (Flyball, 78XD, EV 98.8 MPH), Distance : 402 ft
Batting: RHB Vinny Figueroa 0-0: Foul Ball, location: 3SF
0-1: Foul Ball, location: 2F
0-2: Ball
1-2: Ball
2-2: Fly out, F9 (Flyball, 89M, EV 93.1 MPH)
Batting: RHB Fernando De Faria 0-0: Ball
1-0: Ball
2-0: Foul Ball, location: 2F
2-1: Foul Ball, location: 2F
2-2: Ball
3-2: Strikes out looking
Batting: RHB Greg Bates 0-0: Ball
1-0: Ball
2-0: Ball
3-0: Base on Balls
Batting: RHB Travis De Angelis 0-0: Called Strike
Greg Bates steals 2nd base
0-1: Ball
1-1: Foul Ball, location: 9LDF
1-2: Strikes out looking
Bottom of the 3rd over - 1 run, 1 hit, 0 errors, 1 left on base; Minnesota 1 - Chicago 1
TOP OF THE 4TH
Minnesota Twins batting - Pitching for Chicago White Sox : RHP Hector Canadas
Batting: SHB William Maki 0-0: Ball
1-0: Ball
2-0: Called Strike
2-1: Called Strike
2-2: Ground out 4-3 (Groundball, 4M, EV 86.9 MPH)
Batting: RHB Bill Widby 0-0: Fly out, F8 (Flyball, 8RD, EV 80.0 MPH)
Batting: LHB Emilio Gonzales 0-0: Ball
1-0: Ball
2-0: Ball
3-0: Called Strike
3-1: Base on Balls
Batting: RHB Joe Looby 0-0: Swinging Strike
0-1: Called Strike
0-2: Ball
1-2: Ball
2-2: Strikes out swinging
Top of the 4th over - 0 runs, 0 hits, 0 errors, 1 left on base; Minnesota 1 - Chicago 1
BOTTOM OF THE 4TH
Chicago White Sox batting - Pitching for Minnesota Twins : RHP Russell Cottrell
Batting: LHB Dan Roos 0-0: Ball
1-0: Ball
2-0: Called Strike
2-1: SOLO HOME RUN (Flyball, 9D, EV 94.4 MPH), Distance : 372 ft
Batting: LHB Tim Eaton 0-0: Called Strike
0-1: Ball
1-1: Swinging Strike
1-2: Foul Ball, location: 7LSF
1-2: DOUBLE (Line Drive, 89M, EV 100.0 MPH)
Batting: RHB Luis Marquina 0-0: Called Strike
0-1: Foul Ball, location: 2F
0-2: Ball
1-2: Strikes out looking
Batting: LHB Chris McDonough 0-0: Called Strike
0-1: Ball
1-1: Ball
2-1: Swinging Strike
2-2: Foul Ball, location: 3F
2-2: SINGLE (Line Drive, 9S, EV 109.4 MPH)
Tim Eaton to third
Batting: RHB Chris Hodges 0-0: Ball
1-0: Called Strike
1-1: Foul Ball, location: 23FF
1-2: Foul Ball, location: 2F
1-2: Grounds into double play, 6-4-3 (Groundball, 56, EV 85.6 MPH)
Bottom of the 4th over - 1 run, 3 hits, 0 errors, 1 left on base; Minnesota 1 - Chicago 2
TOP OF THE 5TH
Minnesota Twins batting - Pitching for Chicago White Sox : RHP Hector Canadas
Batting: LHB Jay Molteni 0-0: Ball
1-0: Called Strike
1-1: Ball
2-1: Ball
3-1: Foul Ball, location: 9LSFF
3-2: Strikes out looking
Batting: RHB Chris Ward 0-0: Called Strike
0-1: Ball
1-1: Swinging Strike
1-2: Ball
2-2: SINGLE (Groundball, 34D, EV 100.6 MPH)
Batting: LHB Chris Armstrong 0-0: Swinging Strike
Chris Ward steals 2nd base
0-1: Ball
1-1: Ball
2-1: Swinging Strike
2-2: Strikes out swinging
Batting: SHB Dan Mayes 0-0: Called Strike
0-1: Ground out 4-3 (Groundball, 4M, EV 75.0 MPH)
Top of the 5th over - 0 runs, 1 hit, 0 errors, 1 left on base; Minnesota 1 - Chicago 2
BOTTOM OF THE 5TH
Chicago White Sox batting - Pitching for Minnesota Twins : RHP Russell Cottrell
Batting: RHB Vinny Figueroa 0-0: Ball
1-0: Ball
2-0: Ball
3-0: Base on Balls
Batting: RHB Fernando De Faria 0-0: Ball
1-0: Ball
2-0: Called Strike
2-1: Ball
3-1: Called Strike
3-2: Foul Ball, location: 3F
3-2: Fly out, F9 (Flyball, 9LM, EV 93.1 MPH)
Batting: RHB Greg Bates 0-0: Called Strike
0-1: Ball
1-1: Ball
2-1: Ball
3-1: Fly out, F9 (Flyball, 9D, EV 92.5 MPH)
Batting: RHB Travis De Angelis 0-0: Ball
1-0: Fly out, F8 (Flyball, 8RXD, EV 101.9 MPH)
Bottom of the 5th over - 0 runs, 0 hits, 0 errors, 1 left on base; Minnesota 1 - Chicago 2
TOP OF THE 6TH
Minnesota Twins batting - Pitching for Chicago White Sox : RHP Hector Canadas
Batting: SHB Jim Whitlock 0-0: Ball
1-0: Called Strike
1-1: Swinging Strike
1-2: Ball
2-2: Strikes out swinging
Batting: SHB William Maki 0-0: Ball
1-0: Ball
2-0: SINGLE (Line Drive, 8RS, EV 103.8 MPH)
Batting: RHB Bill Widby 0-0: 2-RUN HOME RUN (Flyball, 9D, EV 99.4 MPH), Distance : 376 ft
Batting: LHB Emilio Gonzales 0-0: Called Strike
0-1: Ball
1-1: Foul Ball, location: 3F
1-2: Ball
2-2: Ground out 6-3 (Groundball, 6, EV 83.1 MPH)
Batting: RHB Joe Looby 0-0: Ball
1-0: Ground out U3 (Groundball, 34, EV 82.5 MPH)
Top of the 6th over - 2 runs, 2 hits, 0 errors, 0 left on base; Minnesota 3 - Chicago 2
BOTTOM OF THE 6TH
Chicago White Sox batting - Pitching for Minnesota Twins : RHP Russell Cottrell
Batting: LHB Dan Roos 0-0: Swinging Strike
0-1: Foul Ball, location: 3SF
0-2: Strikes out looking
Batting: LHB Tim Eaton 0-0: Ball
1-0: Swinging Strike
1-1: Called Strike
1-2: Strikes out swinging
Batting: RHB Luis Marquina 0-0: Swinging Strike
0-1: Ball
1-1: Foul Ball, location: 9LDF
1-2: Foul Ball, location: 9LMF
1-2: Ball
2-2: Foul Ball, location: 23FF
2-2: SINGLE (Line Drive, 7LS, EV 105.6 MPH)
Pitching: RHP Paul King
Batting: LHB Chris McDonough 0-0: Ball
1-0: Ball
2-0: Ball
3-0: Base on Balls
Luis Marquina to second
Batting: RHB Chris Hodges 0-0: Foul Ball, location: 5FF
0-1: Swinging Strike
0-2: Foul Ball, location: 2F
0-2: Foul Ball, location: 2F
0-2: Ball
1-2: Fly out, F4 (Popup, 4, EV 50.6 MPH)
Bottom of the 6th over - 0 runs, 1 hit, 0 errors, 2 left on base; Minnesota 3 - Chicago 2
TOP OF THE 7TH
Minnesota Twins batting - Pitching for Chicago White Sox : RHP Hector Canadas
Batting: LHB Jay Molteni 0-0: Ball
1-0: Ball
2-0: Called Strike
2-1: Swinging Strike
2-2: Strikes out swinging, 2-3 out at first.
Batting: RHB Chris Ward 0-0: Ball
1-0: Called Strike
1-1: Foul Ball, location: 23F
1-2: Ball
2-2: Ball
3-2: Base on Balls
Pitching: LHP Jeffrey Baker
Batting: LHB Chris Armstrong 0-0: Ball
1-0: Swinging Strike
1-1: Swinging Strike
1-2: Foul Ball, location: 3F
1-2: Ball
2-2: Ball
3-2: Strikes out swinging
Chris Ward steals 2nd base
Batter strikes out.
Batting: SHB Dan Mayes 0-0: Called Strike
0-1: Ball
1-1: Fly out, F9 (Flyball, 9D, EV 93.1 MPH)
Top of the 7th over - 0 runs, 0 hits, 0 errors, 1 left on base; Minnesota 3 - Chicago 2
BOTTOM OF THE 7TH
Chicago White Sox batting - Pitching for Minnesota Twins : RHP Paul King
Pinch Hitting: LHB Tyler Fauver 0-0: Called Strike
0-1: Foul Ball, location: 7LMF
0-2: Strikes out swinging
Batting: RHB Fernando De Faria 0-0: Foul Ball, location: 3F
0-1: Called Strike
0-2: Foul Ball, location: 2F
0-2: Ground out 6-3 (Groundball, 6, EV 88.1 MPH)
Batting: RHB Greg Bates 0-0: Ball
1-0: Ground out 1-3 (Groundball, 15S, EV 66.3 MPH)
Bottom of the 7th over - 0 runs, 0 hits, 0 errors, 0 left on base; Minnesota 3 - Chicago 2
TOP OF THE 8TH
Minnesota Twins batting - Pitching for Chicago White Sox : LHP Jeffrey Baker
Pitching: RHP Matthew Emerson
Now at SS: Greg Bates
Now in CF: Tyler Fauver
Batting: SHB Jim Whitlock 0-0: Ball
1-0: Ball
2-0: Foul Ball, location: 5F
2-1: Foul Ball, location: 7LSF
2-2: Strikes out swinging
Batting: SHB William Maki 0-0: Called Strike
0-1: Called Strike
0-2: Strikes out swinging
Batting: RHB Bill Widby 0-0: Ball
1-0: Ball
2-0: Ground out 6-3 (Groundball, 6, EV 97.5 MPH)
Top of the 8th over - 0 runs, 0 hits, 0 errors, 0 left on base; Minnesota 3 - Chicago 2
BOTTOM OF THE 8TH
Chicago White Sox batting - Pitching for Minnesota Twins : RHP Paul King
Pitching: RHP Matt Gromaski
Batting: RHB Travis De Angelis 0-0: Ball
1-0: Foul Ball, location: 2LF
1-1: Ball
2-1: Ball
3-1: Fly out, F2 (Popup, 2LF, EV 85.6 MPH)
Batting: LHB Dan Roos 0-0: Ball
1-0: SINGLE (Line Drive, 4MD, EV 98.1 MPH)
Batting: LHB Tim Eaton 0-0: Ball
1-0: Ball
2-0: 2-RUN HOME RUN (Flyball, 89XD, EV 99.4 MPH), Distance : 403 ft
Batting: RHB Luis Marquina 0-0: Ball
1-0: Ball
2-0: Called Strike
2-1: Foul Ball, location: 5F
2-2: Foul Ball, location: 23F
2-2: Strikes out swinging
Batting: LHB Chris McDonough 0-0: Called Strike
0-1: Called Strike
0-2: Foul Ball, location: 2F
0-2: Ball
1-2: Ball
2-2: Foul Ball, location: 2F
2-2: Foul Ball, location: 5SF
2-2: Strikes out swinging
Bottom of the 8th over - 2 runs, 2 hits, 0 errors, 0 left on base; Minnesota 3 - Chicago 4
TOP OF THE 9TH
Minnesota Twins batting - Pitching for Chicago White Sox : RHP Matthew Emerson
Now at 3B: Greg Bates
Now at SS: Jose Delgado
Batting: LHB Emilio Gonzales 0-0: Ball
1-0: Ball
2-0: Foul Ball, location: 3F
2-1: Foul Ball, location: 7LDF
2-2: Strikes out swinging
Batting: RHB Joe Looby 0-0: Called Strike
0-1: Ball
1-1: Ball
2-1: Ball
3-1: Foul Ball, location: 9LMF
3-2: Base on Balls
Batting: LHB Jay Molteni 0-0: Foul Ball, location: 2F
0-1: Ball
1-1: SINGLE (Groundball, 4S, EV 66.9 MPH) (infield hit)
Joe Looby to second
Pitching: RHP Keith Dragisic
Batting: RHB Chris Ward 0-0: Called Strike
0-1: Ball
1-1: Ball
2-1: Grounds into double play, 2-4-3 (Groundball, 15S, EV 66.9 MPH)
Top of the 9th over - 0 runs, 1 hit, 0 errors, 1 left on base; Minnesota 3 - Chicago 4
Tuesday, April 9th , 2024 - OOTP Baseball 24.11 Build 85